 Dungeon Crawl Stone Soup version 0.17-a0-1632-g0af21bd (webtiles) character file.

1615 HungrySpirit the Fighter (level 8, 0/55 HPs)
             Began as a Tengu Artificer on Aug 3, 2015.
             Was a Follower of Okawaru.
             Engulfed by Wiebster667's ghost's noxious fumes (2 damage)
             ... on level 6 of the Dungeon.
             The game lasted 00:16:59 (7646 turns).

HungrySpirit the Fighter (Tengu Artificer)          Turns: 7646, Time: 00:16:59

Health: 0/55       AC: 13    Str: 14    XL:     8   Next: 96%
Magic:  11/11      EV:  9    Int: 13    God:    Okawaru [*.....]
Gold:   237        SH:  0    Dex: 14    Spells: 0 memorised, 7 levels left

rFire  . . .     SeeInvis .     b - +0 rapier (venom)
rCold  . . .     Clarity  +     l - +0 plate armour
rNeg   . . .     SustAt   +     (no shield)
rPois  .         Gourm    .     (helmet restricted)
rElec  .         Spirit   .     u - +0 cloak
rCorr  +         Warding  .     (no gloves)
rMut   .         Stasis   .     (boots unavailable)
MR     .....                    k - amulet of resist corrosion
Stlth  ..........               A - +4 ring of evasion
                                n - ring of sustain attributes

@: lethally poisoned (0 -> -4), not resistant to hostile enchantments, extremely
unstealthy
A: beak, talons 3, clarity, able to fly 1
a: Fly, Heroism, Renounce Religion


You were on level 6 of the Dungeon.
You worshipped Okawaru.
Okawaru was aware of your devotion.
You were not hungry.

You visited 2 branches of the dungeon, and saw 7 of its levels.

You collected 237 gold pieces.

Inventory:

Hand weapons
 a - a +1 short sword
 b - a +0 rapier of venom (weapon)
Armour
 l - a +0 plate armour (worn)
 u - a +0 cloak (worn)
Jewellery
 k - an amulet of resist corrosion (around neck)
 n - a ring of sustain attributes (left hand)
 t - an uncursed ring of flight
 A - a +4 ring of evasion (right hand)
Magical devices
 c - a wand of flame (10)
 d - a wand of enslavement (13)
 e - a wand of random effects (9)
Scrolls
 i - 2 scrolls of identify
 m - a scroll of amnesia
 x - a scroll of magic mapping
Potions
 g - a potion of degeneration {unknown}
 h - a potion of flight
 o - 2 potions of ambrosia {unknown}
 q - a potion of magic
Comestibles
 f - 5 bread rations


   Skills:
 * Level 8.7 Fighting
 - Level 5.0 Short Blades
 + Level 5.2 Armour
 - Level 2.1 Dodging
 - Level 1.0 Stealth
 - Level 3.0 Evocations


You had 7 spell levels left.
You didn't know any spells.

Dungeon Overview and Level Annotations

Branches:
Dungeon (6/15)             Temple (1/1) D:5

Altars:
Cheibriados
Dithmenos
Fedhas
Gozag
Kikubaaqudgha
Makhleb
Okawaru
Qazlal
Sif Muna
Xom
Yredelemnul
Zin

Annotations:
D:6 Wiebster667's ghost, experienced SpVM


Innate Abilities, Weirdness & Mutations

You have a beak for a mouth.
You have claws for feet.
You can fly.
You possess an exceptional clarity of mind.


Message History

Unknown command.
Unknown command.
You miss Wiebster667's ghost. Your kick misses Wiebster667's ghost.
Your peck misses Wiebster667's ghost.
Wiebster667's ghost is almost destroyed.
You are engulfed in noxious fumes.
You choke on the stench!
You feel momentarily confused.
* * * LOW HITPOINT WARNING * * *
Wiebster667's ghost says, "I practised a lot since I died."
Wiebster667's ghost hits you but does no damage.
Unknown command.
Unknown command.
Unknown command.
Unknown command.
You hit Wiebster667's ghost but do no damage.
You claw Wiebster667's ghost, but do no damage.
Your peck misses Wiebster667's ghost.
Wiebster667's ghost is almost destroyed.
You are engulfed in noxious fumes.
You die...

###.....# ... .......# ...#
##.....### ###..#
#........# .....# #.##.# #
. ..o.# #.##.###%### .#
##'## #.##........ .#
##...###§##.§...### .##
##.....##@##§###.###. >.##
##...(.§§#W##.W.......
...####......§§5o###....###
......'......(..........#
...####........(####....#
..## ##.......## ##.#.#
..## ##.....## ...# ...##
##...## .### ....# ##'## .#


You could see Wiebster667's ghost, a crimson imp and an orc.

Vanquished Creatures
  Prince Ribbit (D:6)
  Eustachio (D:5)
  Menkaure (D:5)
  An orc warrior (D:6)
  An ice beast (D:6)
  A sky beast (D:6)
  A centaur (D:6)
  2 giant frogs (D:6)
  A scorpion (D:6)
  2 giant frog zombies
  A giant frog skeleton (D:5)
  Crazy Yiuf (D:3)
  2 iguanas (D:4)
  A hound (D:6)
  2 orc priests (D:6)
  2 orc wizards
  7 worker ants
  A hound skeleton (D:5)
  3 adders
  5 worms
  4 giant geckos
  16 orcs
  11 bats
  11 giant cockroaches
  9 hobgoblins
  2 quokkas
  A ball python skeleton (D:4)
  3 giant newts
  6 goblins
  6 kobolds
  9 rats
  A fungus (D:3)
116 creatures vanquished.

Vanquished Creatures (collateral kills)
  A worker ant (D:4)
  An ooze (D:4)
2 creatures vanquished.

Grand Total: 118 creatures vanquished

Notes
Turn   | Place    | Note
--------------------------------------------------------------
     0 | D:1      | HungrySpirit the Tengu Artificer began the quest for the Orb.
     0 | D:1      | Reached XP level 1. HP: 12/12 MP: 4/4
   229 | D:1      | Reached XP level 2. HP: 13/16 MP: 5/5
   893 | D:2      | Reached XP level 3. HP: 15/20 MP: 6/6
   986 | D:2      | Found a stormy altar of Qazlal.
  1181 | D:2      | Found a faded altar to an unknown god.
  1791 | D:2      | Found a blossoming altar of Fedhas.
  1836 | D:3      | Reached skill level 4 in Short Blades
  1871 | D:3      | Reached XP level 4. HP: 20/25 MP: 7/7
  2027 | D:3      | Found an ancient bone altar of Kikubaaqudgha.
  2028 | D:3      | Found an opulent altar of Gozag.
  2227 | D:3      | Noticed Crazy Yiuf
  2233 | D:3      | Killed Crazy Yiuf
  2297 | D:3      | Reached skill level 5 in Short Blades
  2591 | D:3      | Gained mutation: You can fly. [Tengu growth]
  2591 | D:3      | Reached XP level 5. HP: 29/29 MP: 8/8
  3552 | D:4      | Found a snail-covered altar of Cheibriados.
  3884 | D:4      | Reached XP level 6. HP: 32/37 MP: 9/9
  4994 | D:5      | Entered Level 5 of the Dungeon
  4996 | D:5      | Noticed Menkaure
  5002 | D:5      | Noticed Eustachio
  5183 | D:5      | Killed Eustachio
  5183 | D:5      | Reached skill level 5 in Fighting
  5183 | D:5      | Reached skill level 1 in Armour
  5183 | D:5      | Reached XP level 7. HP: 22/44 MP: 10/10
  5441 | D:5      | Killed Menkaure
  5564 | D:5      | Found a staircase to the Ecumenical Temple.
  5580 | Temple   | Entered the Ecumenical Temple
  5611 | Temple   | Became a worshipper of Warmaster Okawaru
  5652 | D:5      | Reached skill level 6 in Fighting
  5922 | D:6      | Reached XP level 8. HP: 23/52 MP: 11/11
  5944 | D:6      | Reached skill level 7 in Fighting
  6415 | D:6      | Acquired Okawaru's first power
  6748 | D:6      | Reached skill level 8 in Fighting
  6764 | D:6      | Noticed Prince Ribbit
  6807 | D:6      | Killed Prince Ribbit
  6807 | D:6      | Reached skill level 5 in Armour
  6953 | D:6      | Noticed Wiebster667's ghost (experienced SpVM)
  7013 | D:6      | Gained mutation: You possess an exceptional clarity of mind. [potion of beneficial mutation]
  7644 | D:6      | HP: 2/55 [poisoned by Wiebster667's ghost (sting)]
  7646 | D:6      | Engulfed by Wiebster667's ghost's noxious fumes

Vault maps used:
D:1:      dpeg_arrival_central
D:2:      lemuel_coloured_pillars_altar, ecumenical_altar_2,
          grunt_qazlal_sundering
D:3:      grunt_temple_overflow_open, first_bread, kennysheep_boxes,
          uniq_crazy_yiuf_cottage
D:4:      minmay_opposing_rooms, cheibriados_altar_1
D:5:      minmay_temple_entry_purple_smoke, uniq_menkaure, uniq_eustachio
D:6:      uniq_prince_ribbit1
Temple:   minmay_temple_bridge_c_8

Action                   |  1- 3 |  4- 6 |  7- 9 || total
-------------------------+-------+-------+-------++-------
Melee: Short sword       |   197 |   268 |    11 ||   476
       Rapier            |       |       |   221 ||   221
Invok: Heroism           |       |       |     1 ||     1
Evoke: Wand              |     7 |    16 |    10 ||    33
  Use: Scroll            |     2 |     8 |     3 ||    13
       Potion            |       |     6 |     6 ||    12
 Stab: Invisible         |       |     2 |     2 ||     4
  Eat: Chunk             |     3 |     4 |     1 ||     8
       Fruit             |       |     3 |       ||     3
       Pizza             |       |     2 |       ||     2
       Beef jerky        |       |     1 |       ||     1
       Bread ration      |       |       |     2 ||     2
